Selects Advanced Infantry Battlegroup
Selects Convert to Ranger Squad
Selects Frontline Medical Station
Frontline Medical Station
Frontline Medical Station
Frontline Medical Station
Frontline Medical Station
Frontline Medical Station
Frontline Medical Station
Selects Ranger Weapon Training
Construct Weapon Support Center
Improved M9 Bazooka Rockets
Selects Ammunition Storage
Selects M2A1 105mm Howitzer Emplacement
Frontline Medical Station
Selects 155mm Rapid Artillery Barrage
Frontline Medical Station
Frontline Medical Station